BSA
KENILWORTH ACES @ SPRINGFIELD STARS
09/12/2029
 
TOP OF THE 1ST
Kenilworth Aces batting - Pitching for Springfield Stars : LHP Marcos Flores
Pitching: LHP Marcos Flores
Batting: LHB Barrett Waters 0-0: Swinging Strike
0-1: Hit by Pitch
Batting: RHB Andrés Lara 0-0: Called Strike
0-1: Ball
1-1: Ball
2-1: Ball
3-1: Called Strike
3-2: Foul Ball, location: 2F
3-2: 2-RUN HOME RUN (Flyball, 7D), Distance : 393 ft
Batting: SHB Julián Madrid 0-0: Called Strike
0-1: SINGLE (Groundball, 6MD)
Batting: RHB Jorge Jiménez 0-0: Ball
1-0: Grounds into double play, 4-6-3 (Groundball, 4)
Batting: RHB Wilbert Rodgers 0-0: Ball
1-0: Called Strike
1-1: Ball
2-1: Ball
3-1: Foul Ball, location: 2F
3-2: SINGLE (Line Drive, 89M)
Batting: RHB Hollis Wood 0-0: Ball
1-0: Ball
2-0: Fly out, F8 (Flyball, 8LM)
Top of the 1st over - 2 runs, 3 hits, 0 errors, 1 left on base; Kenilworth 2 - Springfield 0
BOTTOM OF THE 1ST
Springfield Stars batting - Pitching for Kenilworth Aces : RHP José Martínez
Pitching: RHP José Martínez
Batting: RHB Norberto Taváres 0-0: Ball
1-0: Ball
2-0: Called Strike
2-1: Foul Ball, location: 2F
2-2: Fly out, F7 (Flyball, 7)
Batting: LHB Jesús Tobías 0-0: SINGLE (Line Drive, 89M)
Batting: LHB Derek Davidson 0-0: Ball
1-0: Called Strike
1-1: Ball
2-1: Ball
3-1: Foul Ball, location: 2F
3-2: Fly out, F8 (Line Drive, 8RD)
Batting: LHB Felipe Guerrero 0-0: Ball
Jesús Tobías steals 2nd base
1-0: SINGLE (Line Drive, 6D)
Jesús Tobías to third
Batting: LHB Elliott Newell 0-0: Foul Ball, location: 2F
0-1: Foul Ball, location: 2F
0-2: Foul Ball, location: 2F
0-2: Ball
1-2: Foul Ball, location: 2F
1-2: Hit by Pitch
Felipe Guerrero to second
Batting: SHB António De La Cruz 0-0: Called Strike
0-1: Called Strike
0-2: DOUBLE (Flyball, 7LD)
Jesús Tobías scores
Felipe Guerrero scores
Elliott Newell to third
Batting: RHB Calvin Bennett 0-0: Ball
1-0: Called Strike
1-1: Ball
2-1: Ball
3-1: Fly out, F5 (Popup, 5SF)
Bottom of the 1st over - 2 runs, 3 hits, 0 errors, 2 left on base; Kenilworth 2 - Springfield 2
TOP OF THE 2ND
Kenilworth Aces batting - Pitching for Springfield Stars : LHP Marcos Flores
Batting: RHB Gary Thomas 0-0: Ball
1-0: Ground out U3 (Groundball, 3L)
Batting: LHB Jim Jensen 0-0: Called Strike
0-1: Foul Ball, location: 2F
0-2: Fly out, F8 (Flyball, 8RM)
Batting: LHB Pedro Díaz 0-0: SINGLE (Groundball, 34D)
Batting: LHB Barrett Waters 0-0: Ball
1-0: Ball
2-0: Ground out U3 (Groundball, 3)
Top of the 2nd over - 0 runs, 1 hit, 0 errors, 1 left on base; Kenilworth 2 - Springfield 2
BOTTOM OF THE 2ND
Springfield Stars batting - Pitching for Kenilworth Aces : RHP José Martínez
Batting: LHB Mike Pearson 0-0: Foul Ball, location: 2F
0-1: Ball
1-1: Foul Ball, location: 2F
1-2: Fly out, F8 (Flyball, 8RD)
Batting: RHB Juan Carlos Rodríguez 0-0: Ball
1-0: Called Strike
1-1: Fly out, F9 (Flyball, 9S)
Batting: RHB Norberto Taváres 0-0: Ball
1-0: Foul Ball, location: 2F
1-1: Ball
2-1: Foul Ball, location: 2F
2-2: Foul Ball, location: 2F
2-2: Ball
3-2: Fly out, F9 (Flyball, 9D)
Bottom of the 2nd over - 0 runs, 0 hits, 0 errors, 0 left on base; Kenilworth 2 - Springfield 2
TOP OF THE 3RD
Kenilworth Aces batting - Pitching for Springfield Stars : LHP Marcos Flores
Batting: RHB Andrés Lara 0-0: Called Strike
0-1: Fly out, F7 (Flyball, 7LS)
Batting: SHB Julián Madrid 0-0: Called Strike
0-1: Fly out, F9 (Flyball, 89M)
Batting: RHB Jorge Jiménez 0-0: Called Strike
0-1: Called Strike
0-2: Ball
1-2: Strikes out swinging
Top of the 3rd over - 0 runs, 0 hits, 0 errors, 0 left on base; Kenilworth 2 - Springfield 2
BOTTOM OF THE 3RD
Springfield Stars batting - Pitching for Kenilworth Aces : RHP José Martínez
Batting: LHB Jesús Tobías 0-0: Fly out, F9 (Flyball, 9)
Batting: LHB Derek Davidson 0-0: Foul Ball, location: 2F
0-1: Ball
1-1: Foul Ball, location: 2F
1-2: Ball
2-2: Ball
3-2: Foul Ball, location: 2F
3-2: Ground out U3 (Groundball, 3)
Batting: LHB Felipe Guerrero 0-0: Ball
1-0: Swinging Strike
1-1: Foul Ball, location: 2F
1-2: Ground out 1-3 (Groundball, 13)
Bottom of the 3rd over - 0 runs, 0 hits, 0 errors, 0 left on base; Kenilworth 2 - Springfield 2
TOP OF THE 4TH
Kenilworth Aces batting - Pitching for Springfield Stars : LHP Marcos Flores
Batting: RHB Wilbert Rodgers 0-0: DOUBLE (Line Drive, 89D)
Batting: RHB Hollis Wood 0-0: Called Strike
0-1: Ball
1-1: Fly out, F8 (Flyball, 8LS)
Batting: RHB Gary Thomas 0-0: Ball
1-0: Ground out U3 (Groundball, 3)
Wilbert Rodgers to third
Batting: LHB Jim Jensen 0-0: Called Strike
0-1: Foul Ball, location: 2F
0-2: Fly out, F9 (Flyball, 9LS)
Top of the 4th over - 0 runs, 1 hit, 0 errors, 1 left on base; Kenilworth 2 - Springfield 2
BOTTOM OF THE 4TH
Springfield Stars batting - Pitching for Kenilworth Aces : RHP José Martínez
Batting: LHB Elliott Newell 0-0: Ball
1-0: Swinging Strike
1-1: Hit by Pitch
Batting: SHB António De La Cruz 0-0: Ball
1-0: Called Strike
1-1: Ball
2-1: Ball
3-1: Called Strike
3-2: Fly out, F7 (Flyball, 7D)
Batting: RHB Calvin Bennett 0-0: Ball
1-0: Fly out, F9 (Flyball, 9S)
Batting: LHB Mike Pearson 0-0: Ball
1-0: Called Strike
1-1: Ball
2-1: Ball
3-1: Called Strike
3-2: Foul Ball, location: 2F
3-2: DOUBLE (Flyball, 8RXD)
Elliott Newell to third
Elliott Newell scores
Batting: RHB Juan Carlos Rodríguez 0-0: Ball
1-0: Swinging Strike
1-1: Swinging Strike
1-2: Ball
2-2: SINGLE (Line Drive, 8LS)
Mike Pearson to third
Runner from 3rd tries for Home, SAFE, throw made home
Batting: RHB Norberto Taváres 0-0: Ball
1-0: Ball
2-0: Ball
3-0: Called Strike
3-1: Foul Ball, location: 2F
3-2: Foul Ball, location: 2F
3-2: Ground out 5-3 (Groundball, 56)
Bottom of the 4th over - 2 runs, 2 hits, 0 errors, 1 left on base; Kenilworth 2 - Springfield 4
TOP OF THE 5TH
Kenilworth Aces batting - Pitching for Springfield Stars : LHP Marcos Flores
Batting: LHB Pedro Díaz 0-0: Called Strike
0-1: Foul Ball, location: 2F
0-2: Strikes out swinging
Batting: LHB Barrett Waters 0-0: Called Strike
0-1: Ball
1-1: Foul Ball, location: 2F
1-2: Ball
2-2: Strikes out swinging, 2-3 out at first.
Batting: RHB Andrés Lara 0-0: Called Strike
0-1: Ball
1-1: Ball
2-1: Ball
3-1: Swinging Strike
3-2: Foul Ball, location: 2F
3-2: Foul Ball, location: 2F
3-2: Base on Balls
Batting: SHB Julián Madrid 0-0: Ball
1-0: Foul Ball, location: 2F
1-1: Ball
2-1: Ball
3-1: Called Strike
3-2: SINGLE (Groundball, 6MD)
Andrés Lara to second
Andrés Lara to third
Batting: RHB Jorge Jiménez 0-0: Foul Ball, location: 2F
0-1: Ball
1-1: Called Strike
1-2: Ball
2-2: Foul Ball, location: 2F
2-2: Strikes out looking
Top of the 5th over - 0 runs, 1 hit, 0 errors, 2 left on base; Kenilworth 2 - Springfield 4
BOTTOM OF THE 5TH
Springfield Stars batting - Pitching for Kenilworth Aces : RHP José Martínez
Batting: LHB Jesús Tobías 0-0: Ball
1-0: Fly out, F8 (Flyball, 8LD)
Batting: LHB Derek Davidson 0-0: Called Strike
0-1: Ball
1-1: Swinging Strike
1-2: Foul Ball, location: 2F
1-2: Fly out, F3 (Line Drive, 34)
Batting: LHB Felipe Guerrero 0-0: Ball
1-0: Called Strike
1-1: Fly out, F8 (Flyball, 8RXD)
Bottom of the 5th over - 0 runs, 0 hits, 0 errors, 0 left on base; Kenilworth 2 - Springfield 4
TOP OF THE 6TH
Kenilworth Aces batting - Pitching for Springfield Stars : LHP Marcos Flores
Batting: RHB Wilbert Rodgers 0-0: Called Strike
0-1: SINGLE (Line Drive, 7LS)
Batting: RHB Hollis Wood 0-0: Ball
1-0: Ball
2-0: Called Strike
2-1: Ball
3-1: Called Strike
3-2: Fly out, F8 (Flyball, 89D)
Batting: RHB Gary Thomas 0-0: Foul Ball, location: 2F
0-1: Ball
1-1: Grounds into double play, 5-4-3 (Groundball, 56)
Top of the 6th over - 0 runs, 1 hit, 0 errors, 0 left on base; Kenilworth 2 - Springfield 4
BOTTOM OF THE 6TH
Springfield Stars batting - Pitching for Kenilworth Aces : RHP José Martínez
Pitching: RHP Scot MacIntosh
Batting: LHB Elliott Newell 0-0: Swinging Strike
0-1: Called Strike
0-2: Strikes out looking
Batting: SHB António De La Cruz 0-0: Foul Ball, location: 2F
0-1: Ball
1-1: Swinging Strike
1-2: Fly out, F7 (Flyball, 7LSF)
Batting: RHB Calvin Bennett 0-0: Swinging Strike
0-1: Foul Ball, location: 2F
0-2: Foul Ball, location: 2F
0-2: Ball
1-2: Fly out, F8 (Flyball, 8RXD)
Bottom of the 6th over - 0 runs, 0 hits, 0 errors, 0 left on base; Kenilworth 2 - Springfield 4
TOP OF THE 7TH
Kenilworth Aces batting - Pitching for Springfield Stars : LHP Marcos Flores
Pitching: RHP Rien Middelkamp
Batting: LHB Jim Jensen 0-0: Ball
1-0: Ball
2-0: Ball
3-0: Called Strike
3-1: SINGLE (Line Drive, 9S)
Batting: LHB Pedro Díaz 0-0: Ball
1-0: Ball
2-0: Foul Ball, location: 2F
2-1: Called Strike
2-2: Foul Ball, location: 2F
2-2: Fly out, F7 (Line Drive, 78S)
Batting: LHB Barrett Waters 0-0: Ball
1-0: Foul Ball, location: 2F
1-1: Called Strike
1-2: Foul Ball, location: 2F
1-2: Ball
2-2: Ground out 6-3 (Groundball, 6MD)
Jim Jensen to second
Batting: RHB Andrés Lara 0-0: Ball
1-0: Ball
2-0: Foul Ball, location: 2F
2-1: Ball
3-1: Fly out, F9 (Flyball, 89S)
Top of the 7th over - 0 runs, 1 hit, 0 errors, 1 left on base; Kenilworth 2 - Springfield 4
BOTTOM OF THE 7TH
Springfield Stars batting - Pitching for Kenilworth Aces : RHP Scot MacIntosh
Batting: LHB Mike Pearson 0-0: Ball
1-0: Foul Ball, location: 2F
1-1: Swinging Strike
1-2: Strikes out looking
Batting: RHB Juan Carlos Rodríguez 0-0: Foul Ball, location: 2F
0-1: Ball
1-1: Swinging Strike
1-2: Strikes out swinging
Batting: RHB Norberto Taváres 0-0: Called Strike
0-1: Ball
1-1: Called Strike
1-2: Ground out 6-3 (Groundball, 6)
Bottom of the 7th over - 0 runs, 0 hits, 0 errors, 0 left on base; Kenilworth 2 - Springfield 4
TOP OF THE 8TH
Kenilworth Aces batting - Pitching for Springfield Stars : RHP Rien Middelkamp
Batting: SHB Julián Madrid 0-0: Fly out, F8 (Flyball, 78M)
Batting: RHB Jorge Jiménez 0-0: Ball
1-0: Called Strike
1-1: Ball
2-1: SINGLE (Groundball, 4MD)
Batting: RHB Wilbert Rodgers 0-0: Called Strike
0-1: Ground out 5-3 (Groundball, 25)
Jorge Jiménez to second
Batting: RHB Hollis Wood 0-0: Ball
1-0: Fly out, F7 (Line Drive, 78M)
Top of the 8th over - 0 runs, 1 hit, 0 errors, 1 left on base; Kenilworth 2 - Springfield 4
BOTTOM OF THE 8TH
Springfield Stars batting - Pitching for Kenilworth Aces : RHP Scot MacIntosh
Batting: LHB Jesús Tobías 0-0: Ball
1-0: Ball
2-0: Foul Ball, location: 2F
2-1: Foul Ball, location: 2F
2-2: Ground out 6-3 (Groundball, 6)
Batting: LHB Derek Davidson 0-0: Ball
1-0: Foul Ball, location: 2F
1-1: Fly out, F8 (Flyball, 8RM)
Batting: LHB Felipe Guerrero 0-0: Called Strike
0-1: Ball
1-1: Ball
2-1: Foul Ball, location: 2F
2-2: Foul Ball, location: 2F
2-2: Foul Ball, location: 2F
2-2: SINGLE (Groundball, 34D)
Batting: LHB Elliott Newell 0-0: Ball
1-0: Called Strike
1-1: Ball
2-1: DOUBLE (Flyball, 8LXD)
Felipe Guerrero to third
Runner from 3rd tries for Home, SAFE, no throw
Batting: SHB António De La Cruz 0-0: Fly out, F6 (Line Drive, 6)
Bottom of the 8th over - 1 run, 2 hits, 0 errors, 1 left on base; Kenilworth 2 - Springfield 5
TOP OF THE 9TH
Kenilworth Aces batting - Pitching for Springfield Stars : RHP Rien Middelkamp
Pitching: RHP José Valdéz
Batting: RHB Gary Thomas 0-0: Swinging Strike
0-1: Ball
1-1: Foul Ball, location: 2F
1-2: Ball
2-2: Strikes out looking
Batting: LHB Jim Jensen 0-0: Foul Ball, location: 2F
0-1: Called Strike
0-2: Foul Ball, location: 2F
0-2: Ball
1-2: Ball
2-2: Foul Ball, location: 2F
2-2: Ball
3-2: Foul Ball, location: 2F
3-2: SINGLE (Groundball, 6) (infield hit)
Batting: LHB Pedro Díaz 0-0: Grounds into double play, 4-6-3 (Groundball, 4)
Top of the 9th over - 0 runs, 1 hit, 0 errors, 0 left on base; Kenilworth 2 - Springfield 5
Saturday, December 16th, 2017 - OOTP Baseball 18.8 Build 76